 Dungeon Crawl Stone Soup version 0.18.1-47-g9310371 (webtiles) character file.

36 stigmas the Charmwright (level 3, 0/28 HPs)
             Began as a Demonspawn Skald on June 23, 2016.
             Succumbed to a kobold's poison
             ... on level 2 of the Dungeon.
             The game lasted 00:02:25 (1626 turns).

stigmas the Charmwright (Demonspawn Skald)          Turns: 1626, Time: 00:02:25

Health: 0/28       AC:  4    Str: 12    XL:     3   Next: 19%
Magic:  6/6        EV: 11    Int: 14    God:
Gold:   77         SH:  0    Dex: 12    Spells: 1 memorised, 5 levels left

rFire  . . .     SeeInvis .     a - +1 hand axe
rCold  . . .     Gourm    .     b - +0 leather armour
rNeg   . . .     Faith    .     (no shield)
rPois  +         Spirit   .     (no helmet)
rElec  .         Dismiss  .     (no cloak)
rCorr  .         Reflect  .     i - +0 pair of gloves
SustAt .         Harm     .     (no boots)
MR     .....                    g - amulet of inaccuracy (curse)
Stlth  +.........               f - ring of poison resistance
                                m - ring of wizardry

@: lethally poisoned (0 -> -11), not resistant to hostile enchantments, very
unstealthy
A: claws 2
a: no special abilities


You were on level 2 of the Dungeon.
You were not hungry.

You visited 1 branch of the dungeon, and saw 2 of its levels.

You collected 77 gold pieces.

Inventory:

Hand Weapons
 a - a +1 hand axe (weapon)
Armour
 b - a +0 leather armour (worn)
 i - a +0 pair of gloves (worn)
Jewellery
 f - a ring of poison resistance (right hand)
 g - a cursed amulet of inaccuracy (around neck)
 m - a ring of wizardry (left hand)
Scrolls
 e - a scroll of enchant weapon
 o - a scroll of remove curse {unknown}
 p - a scroll of teleportation {unknown}
Potions
 j - a potion of cure mutation {unknown}
 k - a potion of curing {unknown}
 l - a potion of cancellation {unknown}
 n - a potion of mutation {unknown}
Books
 c - a book of Battle

   Spells                             Type                      Level
   a - Infusion                       Charms                       1
   b - Shroud of Golubria             Charms/Translocation         2
   c - Song of Slaying                Charms                       2
   d - Spectral Weapon                Hexes/Charms                 3
   e - Regeneration                   Charms/Necromancy            3
Comestibles
 d - a bread ration
 h - 2 meat rations


   Skills:
 * Level 2.3 Fighting
 * Level 2.1 Axes
 + Level 1.2 Armour
 + Level 1.1 Dodging
 + Level 0.2 Stealth
 * Level 2.3 Spellcasting
 * Level 3.0 Charms


You had 5 spell levels left.
You knew the following spells:

 Your Spells              Type           Power        Failure   Level  Hunger
a - Infusion              Chrm           ##..         4%          1    #......


Dungeon Overview and Level Annotations

Branches:
Dungeon (2/15)

Altars:
Cheibriados


Innate Abilities, Weirdness & Mutations

You have very sharp fingernails.


Message History

The kobold barely misses you.
You barely miss the kobold.
The kobold is moderately wounded.
* * * LOW HITPOINT WARNING * * *
You feel sick. The kobold hits you but does no damage.
You closely miss the kobold.
The kobold is moderately wounded.
* * * LOW HITPOINT WARNING * * *
You feel sick. The kobold hits you but does no damage.
You closely miss the kobold.
The kobold is moderately wounded.
* * * LOW HITPOINT WARNING * * *
You feel sick. The kobold hits you but does no damage.
You hit the kobold.
The kobold is severely wounded.
* * * LOW HITPOINT WARNING * * *
You feel sick. The kobold hits you but does no damage.
You miss the kobold.
The kobold is severely wounded.
You die...

...#.# # #...# .# #
####((###.#
#.#(###.........##.#
.(................>#
........###.(#####.#
#.#.###'####.## #
#....##..#
########....###@#
#.....)......##K.#
#.#####......###.##
#......# ..##..
#......####.##.#
#........##..#.##
#...............##
########.#.#..#.........
#
.#.......#.#..#..##...#
.# #


You could see a kobold.

Vanquished Creatures
  2 dart slugs
  2 giant geckos (D:1)
  3 hobgoblins
  4 jackals (D:1)
  3 bats
  3 giant newts
  6 goblins
  3 kobolds
  3 rats
29 creatures vanquished.

Notes
Turn   | Place    | Note
--------------------------------------------------------------
     0 | D:1      | stigmas the Demonspawn Skald began the quest for the Orb.
     0 | D:1      | Reached XP level 1. HP: 16/16 MP: 3/3
   532 | D:1      | Gained mutation: You have sharp fingernails. [demonic ancestry]
   532 | D:1      | Reached XP level 2. HP: 21/22 MP: 5/5
   586 | D:1      | Reached skill level 1 in Armour
   586 | D:1      | Reached skill level 3 in Charms
   661 | D:1      | Reached skill level 1 in Dodging
  1180 | D:2      | Gained mutation: You have very sharp fingernails. [demonic ancestry]
  1180 | D:2      | Reached XP level 3. HP: 16/27 MP: 6/6
  1431 | D:2      | Found a snail-covered altar of Cheibriados.
  1625 | D:2      | HP: 1/28 [poisoned by a kobold]
  1626 | D:2      | Succumbed to a kobold's poison

Skill      XL: |  1  2 |
---------------+-------+-----
Axes           | 2 |  2.1
Armour         | 1 |  1.2
Charms         | 3 |  3.0
Dodging        | 1 |  1.1
Fighting       | |  2.3
Stealth        | |  0.2
Spellcasting   | |  2.3

Action                   || total
-------------------------++-------
Melee: Hand axe          ||   121
  Use: Scroll            ||     3
  Eat: Chunk             ||     2
Armor: Leather armour    ||    47
Dodge: Dodged            ||    68
